 Dungeon Crawl Stone Soup version 0.31-a0-640-g39d97e502b (webtiles) character file.

Game seed: 9833212358220099648

23 Babbit the Conjurer (level 2, -6/20 HPs)
             Began as a Draconian Conjurer on Aug 28, 2023.
             Killed from afar by Sigmund (10 damage)
             ... with a magic dart
             ... on level 2 of the Dungeon.
             The game lasted 00:04:26 (1128 turns).

Babbit the Conjurer (Draconian Conjurer)            Turns: 1128, Time: 00:04:27

Health: -6/20      AC:  4    Str:  9    XL:     2   Next: 75%
Magic:  1/5        EV: 12    Int: 18    God:
Gold:   21         SH:  0    Dex:  9    Spells: 4/5 levels left

rFire   . . .        (no weapon)
rCold   . . .        (no shield)
rNeg    . . .        (body armour unavailable)
rPois   .            (helmet restricted)
rElec   .            (no cloak)
rCorr   .            (no gloves)
SInv    .            (no boots)
Will    .....        (no amulet)
Stlth   ++           (no ring)
HPRegen 0.23/turn    (no ring)
MPRegen 0.09/turn

%: no passive effects
@: no status effects
A: AC +4, unfitting armour, cold-blooded
a: no special abilities


You were on level 2 of the Dungeon.
You visited 1 branch of the dungeon, and saw 2 of its levels.

You collected 21 gold pieces.

Inventory:

Scrolls
 b - a scroll of vulnerability {unknown}
 d - a scroll of poison {unknown}
 e - a scroll of enchant armour {unknown}
Potions
 a - a potion of magic
 c - a potion of degeneration {unknown}
 f - a potion of lignification {unknown}


   Skills:
 + Level 1.9 Dodging
 + Level 1.9 Stealth
 + Level 0.2 Unarmed Combat
 + Level 2.3 Spellcasting
 + Level 4.5 Conjurations


You had 4 spell levels left.
You knew the following spells:

 Your Spells              Type           Power      Damage    Failure   Level
a - Magic Dart            Conj           72%        1d6       2%          1

Your spell library contained the following spells:

 Spells                   Type           Power      Damage    Failure   Level
 Searing Ray              Conj           36%        2d5       4%          2
 Dazzling Flash           Conj/Hex       20%        N/A       22%         3
 Fulminant Prism          Conj/Hex       5%         3d7       56%         4
 Iskenderun's Mystic Bla  Conj/Tloc      10%        2d4       56%         4


Dungeon Overview and Level Annotations

Branches:
Dungeon (2/15)

Altars:

Annotations:
D:2 Sigmund


Innate Abilities, Weirdness & Mutations

Your plain brown scales are hard. (AC +4)
You cannot fit into any form of body armour.
You are cold-blooded and may be slowed by cold attacks.


Message History

You're too confused to cast spells.
Unknown command.
You're too confused to move!
You bump into the rock wall.
Sigmund closely misses you.
You're too confused to move!
You're too confused to cast spells.
Unknown command.
You feel less confused. Sigmund attacks as he pursues you!
Sigmund hits you from afar with a +1 scythe of protection.
Casting: Magic Dart (safe; 2% risk of failure)
Confirm with . or Enter, or press ? or * to list all spells.
Aiming: Magic Dart (safe; 2% risk of failure)
Press: ? - help, Shift-Dir - straight line, f/p - Sigmund
Aim: Sigmund, wielding a +1 scythe of protection and wearing a +0 robe (lightly wounded, 100% to hit)
The magic dart hits Sigmund.
Sigmund is lightly wounded.
Sigmund hits you from afar with a +1 scythe of protection!
Ouch! That really hurt!
* * * LOW HITPOINT WARNING * * *
Casting: Magic Dart (safe; 2% risk of failure)
Confirm with . or Enter, or press ? or * to list all spells.
Aiming: Magic Dart (safe; 2% risk of failure)
Press: ? - help, Shift-Dir - straight line, f/p - Sigmund
Aim: Sigmund, wielding a +1 scythe of protection and wearing a +0 robe (lightly wounded, 100% to hit)
The magic dart hits Sigmund but does no damage.
Sigmund is lightly wounded.
Unknown command.
Casting: Magic Dart (safe; 2% risk of failure)
Confirm with . or Enter, or press ? or * to list all spells.
Aiming: Magic Dart (safe; 2% risk of failure)
Press: ? - help, Shift-Dir - straight line, f/p - Sigmund
Aim: Sigmund, wielding a +1 scythe of protection and wearing a +0 robe (lightly wounded, 100% to hit)
The magic dart hits Sigmund.
Sigmund is moderately wounded.
Sigmund casts a spell at you. The magic dart hits you!
Ouch! That really hurt!
You die...
Sigmund begins carving another notch in his scythe.

########
#......# #
#.####.# .#.##
#.####.##......
#.##.@.@.......
#.##.#.##.##.#.
#.##.#.# #
#..>...##
#######.....#
#.........#....
...######.####..
#...# #.#.#


You could see Sigmund.

Vanquished Creatures
  2 dart slugs
  2 endoplasms (D:1)
  A giant cockroach (D:1)
  3 goblins (D:1)
  3 hobgoblins
  2 kobolds
  A quokka (D:2)
  A ball python (D:1)
  A bat (D:1)
16 creatures vanquished.

Notes
Turn   | Place    | Note
-------+----------+-------------------------------------------
     0 | D:1      | Babbit the Draconian Conjurer began the quest for the Orb.
     0 | D:1      | Reached XP level 1. HP: 14/14 MP: 3/3
   273 | D:1      | Reached XP level 2. HP: 17/20 MP: 0/5
  1118 | D:2      | Noticed Sigmund
  1128 | D:2      | Killed from afar by Sigmund

Illustrated notes

Levels and vault maps discovered:
D:1:      beargit_arrival_greenhouse, layout_basic
D:2:      layout_loops_cross, basic_altar, minmay_misc_feat_enclosed,
          uniq_sigmund

Action                     || total
---------------------------++-------
  Melee: Unarmed           ||    12
         Tailslap          ||     1
   Cast: Magic Dart        ||    40
 Armour: Skin              ||     6
  Dodge: Dodged            ||     8

Table legend: (Time is in decaauts)
 A = Elapsed time spent in this place.
 B = Non-inter-level travel time spent in this place.
 C = Inter-level travel time spent in this place.
 D = Time resting spent in this place.
 E = Time spent auto-exploring this place.
 F = Levels seen in this place.
 G = Mean time per level.
                   A        B        C        D        E       F      G
               +--------+--------+--------+--------+--------+-----+--------+
         Total |   1127 |   1078 |     49 |    338 |    650 |   2 |  563.5 |
       Dungeon |   1127 |   1078 |     49 |    338 |    650 |   2 |  563.5 |
               +--------+--------+--------+--------+--------+-----+--------+

Top non-repeatable levels by time:
     D:1: 912 daAuts
     D:2: 215 daAuts
